 Dungeon Crawl Stone Soup version 0.21.0-24-g2553a33 (webtiles) character file.

35864 Charmandara the Brawler (level 13, -8/163 HPs)
             Began as a Pale Draconian Transmuter on Jan 21, 2018.
             Was a High Priest of Ru.
             Killed from afar by a lindwurm (24 damage)
             ... with a blast of flame
             ... on level 6 of the Lair of Beasts.
             The game lasted 00:59:24 (18278 turns).

Charmandara the Brawler (DrTm)                     Turns: 18278, Time: 00:59:24

Health: -8/163     AC: 10    Str: 22    XL:     13   Next: 49%
Magic:  17/17      EV: 16    Int: 18    God:    Ru [*****.]
Gold:   807        SH:  0    Dex: 12    Spells: 3/16 levels left

rFire    . . .     SeeInvis .     - Unarmed
rCold    . . .     Gourm    .   (shield unavailable)
rNeg     . . .     Faith    +   (armour unavailable)
rPois    .         Spirit   .   I - +0 hat {MR+}
rElec    .         Reflect  .   (no cloak)
rCorr    .         Harm     .   (gloves currently unavailable)
MR       +....     Clarity  +   d - +1 pair of boots
Stlth    ..........             D - amulet of faith {Faith, !P}
HPRegen  0.37/turn              (ring unavailable)
MPRegen  0.15/turn              p - ring of wizardry {Wiz+, !d}

@: confused, berserking, exhausted, blade hand, drained, very quick
A: breathe steam, unfitting armour, clarity, frail 1, high mp 1, sense
surroundings 1, strong 2, cold-blooded, missing a hand, inability to use
devices, AC +8
a: Breathe Steam, End Transformation, Draw Out Power, Power Leap, Apocalypse,
Renounce Religion


You were on level 6 of the Lair of Beasts.
You worshipped Ru.
Ru was extremely pleased with you.
You were very hungry.
You had blades for hand.
You visited 3 branches of the dungeon, and saw 17 of its levels.
You also visited: Volcano.

You collected 901 gold pieces.
You spent 94 gold pieces at shops.

Inventory:

Hand Weapons
 k - the +5 short sword of the Crawling Thing {freeze, MR+ Stlth+}
   (You found it on level 6 of the Dungeon)

   It has been specially enchanted to freeze those struck by it, causing extra
   injury to most foes and up to half again as much damage against particularly
   susceptible opponents.
   It can also slow down cold-blooded creatures.
   It affects your resistance to hostile enchantments.
   It makes you more stealthy.
 y - a +1 blowgun
   (You took it off a kobold on level 10 of the Dungeon)
Missiles
 a - 242 arrows
 e - 18 tomahawks (quivered)
 f - 19 poisoned needles
 l - 7 javelins
Armour
 d - a +1 pair of boots (worn)
   (You bought it in a shop on level 6 of the Dungeon)
 x - a +2 pair of gloves (melded)
   (You found it on level 9 of the Dungeon)
 I - a +0 hat of magic resistance (worn)
   (You took it off Gastronok on level 3 of the Lair of Beasts)
Jewellery
 m - an uncursed ring of protection from fire {rF+, !d}
   (You found it on level 4 of the Lair of Beasts)
 o - an uncursed ring of positive energy {rN+}
   (You found it on level 2 of the Lair of Beasts)
 p - a ring of wizardry (right scythe-like blade) {Wiz+, !d}
   (You found it on level 4 of the Lair of Beasts)
 s - an uncursed ring of protection from magic {MR+, !d}
   (You found it on level 2 of the Dungeon)
 D - an amulet of faith (around neck) {Faith, !P}
   (You found it on level 1 of the Lair of Beasts)
Scrolls
 h - 7 scrolls of remove curse
 n - 3 scrolls of amnesia
 q - 4 scrolls of immolation {!r}
 w - 2 scrolls of teleportation
 A - 2 scrolls of fog
 B - 3 scrolls of magic mapping {!r}
Potions
 g - a potion of ambrosia
 i - a potion of resistance
 j - 8 potions of curing
 t - a potion of cancellation
 u - a potion of magic
 z - a potion of brilliance
 C - a potion of berserk rage {!q}
 F - a potion of flight
 G - 2 potions of invisibility
Books
 b - a book of Changes
 v - a book of Minor Magic
   (You found it on level 9 of the Dungeon)
Comestibles
 c - 34 rations {@e1}


   Skills:
 + Level 13.0(12.7) Fighting
 + Level 8.4(8.2) Dodging
 - Level 15.0(14.7) Unarmed Combat
 - Level 2.0(1.8) Spellcasting
 - Level 10.0(9.7) Transmutations


You had 3 spell levels left.
You knew the following spells:

 Your Spells              Type           Power        Failure   Level  Hunger
a - Beastly Appendage     Tmut           #####.       4%          1    #......
b - Blink                 Tloc           N/A          38%         2    ###....
c - Spider Form           Tmut/Pois      ###.......   17%         3    ###....
s - Sticks to Snakes      Tmut           #####...     4%          2    ###....
x - Blade Hands           Tmut           #####.....   19%         5    ######.


Dungeon Overview and Level Annotations

Branches:
Dungeon (10/15)            Temple (1/1) D:4            Lair (6/6) D:10
 Shoals (0/4) Lair:2        Snake (0/4) Lair:2          Orc (0/2) D:9
  Slime: Lair:5-6

Altars:
Dithmenos
Nemelex Xobeh
Okawaru
Ru
Uskayaw
Vehumet
Yredelemnul
The Shining One

Shops:
D:6 [   D:7 :


Innate Abilities, Weirdness & Mutations

You can breathe blasts of scalding, opaque steam.
Your pale cyan-grey scales are hard. (AC +8)
You cannot fit into any form of body armour.
You are cold-blooded and may be slowed by cold attacks.
You are missing a hand.
You cannot study or use magical devices.
You possess an exceptional clarity of mind.
You are frail. (-10% HP)
You have an increased reservoir of magic. (+10% MP)
You passively map a small area around you.
Your muscles are very strong. (Str +4)


Message History

Unknown command.
Partly explored, can't reach some items.
Partly explored, can't reach some items.
You found a shaft!
There is a stone staircase leading down here.
Unknown command.
Okay, then.
Okay, then.
You climb downwards.
A hydra and a dire elephant come into view.
The dire elephant trumpets!
A crocodile comes into view.
There is a stone staircase leading up here.
Unknown command.
Unknown command.
Your hand turns into a razor-sharp scythe blade.
Your +2 pair of gloves melds into your body.
You are feeling very hungry.
The dire elephant tramples you!!
You stumble backwards!
A komodo dragon comes into view.
You take 26 damage, and have 83/109 hp.
MASSIVE DAMAGE!!
You now have 12/17 mp.
The komodo dragon hisses angrily.
The dire elephant tramples you!!
You stumble backwards!
A water moccasin comes into view.
The water moccasin hisses angrily.
A spiny frog comes into view.
You take 31 damage, and have 52/109 hp.
MASSIVE DAMAGE!!
Unknown command.
A crocodile and a spiny frog come into view.
The spiny frog croaks.
You hear a loud, deep croak!
Unknown command.
You now have 7/17 mp.
Okay, then.
Okay, then.
Okay, then.
You aren't carrying any items that you can evoke.
Unknown command.
Unknown command.
Okay, then.
Okay, then.
Okay, then.
Okay, then.
Okay, then.
As you read the scroll of teleportation, it crumbles to dust.
You feel strangely unstable. The five-headed hydra bites you!
You focus your will and illuminate the five-headed hydra in retribution!
The five-headed hydra misses you. The five-headed hydra bites you!
* * * LOW HITPOINT WARNING * * *
The five-headed hydra completely misses you.
The five-headed hydra barely misses you.
You take 28 damage, and have 25/109 hp.
MASSIVE DAMAGE!!
Your surroundings suddenly seem different.
A lindwurm comes into view.
The lindwurm roars!
The lindwurm breathes flames at you. The blast of flame misses you.
A crocodile comes into view.
The lindwurm closely misses you. The lindwurm barely misses you.
The lindwurm claws you.
* * * LOW HITPOINT WARNING * * *
You take 2 damage, and have 24/109 hp.
Unknown command.
You barely miss the lindwurm. The crocodile misses you.
You feel much better. The lindwurm breathes flames at you.
The blast of flame hits you!
* * * LOW HITPOINT WARNING * * *
The blast of flame hits the fungus.
The crocodile closely misses you.
You take 18 damage, and have 6/109 hp.
Unknown command.
You are confused.
You feel invigorated. The lindwurm bites you.
* * * LOW HITPOINT WARNING * * *
The lindwurm claws you but does no damage.
The lindwurm closely misses you.
You redirect the crocodile's attack!
The crocodile bites itself!
You regained 3 mp, and now have 12/17 mp.
Unknown command.
Really quaff
C - 2 potions of berserk rage {!q}?
A red film seems to cover your vision as you go berserk!
You feel yourself moving faster!
You feel mighty! The lindwurm closely misses you.
The lindwurm claws you but does no damage.
The lindwurm closely misses you.
The crocodile is stunned by your will and fails to attack.
You now have 15/163 hp.
Unknown command.
Unknown command.
You closely miss the crocodile.
Your tail-slap misses the crocodile.
The lindwurm breathes flames at you. The blast of flame hits you!
You die...

##..................
*
#!..................
*
..........#..######.
, ,..........#### **
.........# ,
.........# ,
.........#
,........P#
.......@.# *
......kt## .........
.........#
........## *
.......P# ........#
#########


You could see a lindwurm and a crocodile.

Vanquished Creatures
  Gastronok (Lair:3)
  2 hydras (Lair:2)
  A centaur warrior (D:10)
  A two-headed ogre (D:8)
  Erica (Lair:1)
  A sun demon (Volcano)
  Urug (Lair:2)
  A hell knight (Volcano)
  The ghost of MetaCosm the Arsonist, a novice DEFE of Sif Muna (D:7)
  13 elephants
  4 black mambas
  A torpor snail (Lair:3)
  A guardian serpent (Lair:2)
  2 molten gargoyles (Volcano)
  9 spiny frogs
  The ghost of WimpyRanger the Sneak, a novice OpWn (D:4)
  4 rime drakes
  7 komodo dragons
  A troll (D:9)
  Grinder (D:5)
  A red devil (Volcano)
  2 polar bears (Lair:4)
  Prince Ribbit (D:8)
  4 blink frogs (Lair:5)
  8 hippogriffs
  A wyvern (Lair:3)
  A human (D:9)
  27 yaks
  Grum (D:8)
  A basilisk (Lair:3)
  2 hungry ghosts (D:9)
  2 hogs (D:9)
  The ghost of esper6 the Skirmisher, an amateur GrWn (D:5)
  6 water moccasins
  3 hell hounds (Volcano)
  5 porcupines
  3 ice beasts
  5 ogres
  7 orc warriors
  3 sky beasts
  3 phantoms
  15 wolves
  4 crocodiles
  3 centaurs
  A big kobold (D:10)
  15 bullfrogs
  A wyvern zombie (D:7)
  A gnoll sergeant (D:7)
  5 scorpions
  4 killer bees (D:9)
  A howler monkey (D:6)
  An electric eel (Lair:4)
  4 crimson imps
  A centaur zombie (D:7)
  8 lava snakes
  3 hounds
  2 jellies (D:9)
  9 orc priests
  A bullfrog skeleton (D:10)
  A centaur skeleton (D:10)
  Ijyb (D:5)
  5 orc wizards
  9 worker ants
  A killer bee zombie (D:7)
  A hound skeleton (D:6)
  10 gnolls
  9 adders
  4 shadow imps
  3 adder skeletons
  A worm (D:4)
  4 dart slugs
  4 leopard geckos
  41 orcs
  13 bats
  5 giant cockroaches
  8 goblins
  9 hobgoblins
  2 jackals (D:7)
  4 quokkas
  A ball python (D:1)
  3 frilled lizards
  6 kobolds
  A leopard gecko skeleton (D:4)
  A quokka skeleton (D:6)
  9 rats
  A plant (Lair:4)
377 creatures vanquished.

Vanquished Creatures (collateral kills)
  A hungry ghost (D:9)
  A killer bee (D:9)
  An adder (D:2)
3 creatures vanquished.

Vanquished Creatures (others)
  A fire bat (Volcano)
  A centaur (D:6)
  A bullfrog (D:6)
  An adder (D:6)
  A leopard gecko (D:6)
  A leopard gecko skeleton (D:4)
  A butterfly (Lair:4)
  8 fungi
  6 plants
21 creatures vanquished.

Grand Total: 401 creatures vanquished

Notes
Turn   | Place    | Note
-------+----------+-------------------------------------------
     0 | D:1      | Charmandara the Draconian Transmuter began the quest for the Orb.
     0 | D:1      | Reached XP level 1. HP: 16/16 MP: 3/3
   305 | D:1      | Reached XP level 2. HP: 21/23 MP: 3/5
   514 | D:1      | Learned a level 2 spell: Sticks to Snakes
   680 | D:1      | Reached skill level 4 in Unarmed Combat
   680 | D:1      | Reached XP level 3. HP: 13/28 MP: 3/6
   991 | D:2      | Learned a level 3 spell: Spider Form
  1092 | D:2      | Found a sparkling altar of Nemelex Xobeh.
  1488 | D:2      | Reached XP level 4. HP: 35/35 MP: 5/7
  1539 | D:2      | Found a faded altar of an unknown god.
  1860 | D:2      | Became a worshipper of Ru the Awakened
  1885 | D:2      | Gained mutation: You are missing a hand. [Ru sacrifice]
  1885 | D:2      | Reached * piety under Ru
  1885 | D:2      | Reached ** piety under Ru
  1910 | D:3      | Reached skill level 5 in Unarmed Combat
  2452 | D:3      | Found a basalt altar of Yredelemnul.
  2458 | D:3      | Found a hide-covered altar of Uskayaw.
  2610 | D:3      | HP: 12/52 [gnoll (1)]
  2864 | D:4      | Reached XP level 5. HP: 20/40 MP: 4/8
  3118 | D:4      | Found a staircase to the Ecumenical Temple.
  3150 | D:4      | Reached skill level 6 in Unarmed Combat
  3340 | Temple   | Entered the Ecumenical Temple
  3639 | D:4      | Noticed WimpyRanger's ghost (novice OpWn)
  3667 | D:4      | Killed WimpyRanger's ghost
  3667 | D:4      | Reached skill level 7 in Unarmed Combat
  3667 | D:4      | Reached XP level 6. HP: 47/47 MP: 7/9
  3946 | D:4      | Found a glowing golden altar of the Shining One.
  3993 | D:4      | Gained mutation: You cannot study or use magical devices. [Ru sacrifice]
  3993 | D:4      | Reached *** piety under Ru
  3993 | D:4      | Reached **** piety under Ru
  3993 | D:4      | Reached ***** piety under Ru
  4225 | D:5      | Entered Level 5 of the Dungeon
  4417 | D:5      | Reached skill level 8 in Unarmed Combat
  4417 | D:5      | Your scales start taking on a pale cyan-grey colour.
  4417 | D:5      | Reached XP level 7. HP: 52/52 MP: 6/10
  4608 | D:5      | Reached skill level 9 in Unarmed Combat
  4729 | D:5      | Noticed esper6's ghost (amateur GrWn)
  4747 | D:5      | Noticed Grinder
  4780 | D:5      | Reached XP level 8. HP: 45/59 MP: 5/11
  4781 | D:5      | Reached skill level 10 in Unarmed Combat
  4786 | D:5      | Killed esper6's ghost
  4792 | D:5      | Killed Grinder
  5016 | D:5      | Reached skill level 11 in Unarmed Combat
  5111 | D:5      | Found an iron altar of Okawaru.
  5116 | D:5      | Found a shadowy altar of Dithmenos.
  5128 | D:5      | Noticed Ijyb
  5141 | D:5      | Killed Ijyb
  5322 | D:6      | Reached skill level 2 in Fighting
  5617 | D:6      | Found a radiant altar of Vehumet.
  5700 | D:6      | Found Woklaroe's Antique Armour Emporium.
  5705 | D:6      | Bought a pair of boots for 94 gold pieces
  5744 | D:6      | Got a transparent short sword
  5754 | D:6      | Identified the +5 short sword of the Crawling Thing {freeze, MR+ Stlth+} (You found it on level 6 of the Dungeon)
  5844 | D:6      | Reached skill level 3 in Transmutations
  6451 | D:7      | Reached XP level 9. HP: 54/68 MP: 8/12
  6465 | D:7      | Reached skill level 3 in Fighting
  6694 | D:7      | Noticed MetaCosm's ghost (novice DEFE)
  6711 | D:7      | Killed MetaCosm's ghost
  6711 | D:7      | Reached skill level 4 in Transmutations
  6733 | D:7      | Reached skill level 4 in Fighting
  6751 | D:7      | Reached skill level 12 in Unarmed Combat
  6789 | D:7      | Learned a level 5 spell: Blade Hands
  6812 | D:7      | Gained mutation: You are agile. (Dex +2) [potion of mutation]
  6812 | D:7      | Gained mutation: You have a pair of small horns on your head. [potion of mutation]
  6812 | D:7      | Gained mutation: Your magical capacity is low. (-10% MP) [potion of mutation]
  6812 | D:7      | Gained mutation: You passively map a small area around you. [potion of mutation]
  6813 | D:7      | Lost mutation: You have a pair of small horns on your head. [potion of mutation]
  6813 | D:7      | Lost mutation: You are agile. (Dex +2) [potion of mutation]
  6813 | D:7      | Lost mutation: Your magical capacity is low. (-10% MP) [potion of mutation]
  6813 | D:7      | Gained mutation: You are frail. (-10% HP) [potion of mutation]
  6813 | D:7      | Gained mutation: You have an increased reservoir of magic. (+10% MP) [potion of mutation]
  6813 | D:7      | Gained mutation: Your muscles are strong. (Str +2) [potion of mutation]
  6813 | D:7      | Gained mutation: You evolve. [potion of mutation]
  6877 | D:7      | Found Meusadwo's Book Shop.
  7483 | D:8      | Noticed Grum
  7496 | D:8      | Killed Grum
  7539 | D:8      | Reached skill level 5 in Fighting
  7539 | D:8      | Reached skill level 5 in Transmutations
  7770 | D:8      | Noticed Prince Ribbit
  8159 | D:8      | Noticed a two-headed ogre
  8202 | D:8      | Killed a two-headed ogre
  8202 | D:8      | Reached XP level 10. HP: 36/72 MP: 8/14
  8352 | D:8      | Killed Prince Ribbit
  8723 | D:9      | Reached skill level 13 in Unarmed Combat
  8735 | D:9      | Reached skill level 6 in Fighting
  8814 | D:9      | Reached skill level 6 in Transmutations
  8826 | D:9      | HP: 16/74 [yak (5)]
  9634 | D:9      | Learned a level 2 spell: Blink
  9756 | D:9      | Reached skill level 7 in Fighting
 10545 | D:9      | Found a staircase to the Orcish Mines.
 10624 | D:10     | Entered Level 10 of the Dungeon
 10692 | D:10     | Noticed a centaur warrior
 10703 | D:10     | Killed a centaur warrior
 10703 | D:10     | Reached skill level 7 in Transmutations
 10703 | D:10     | Reached XP level 11. HP: 56/82 MP: 5/15
 10962 | D:10     | Found a staircase to the Lair.
 11015 | D:10     | Reached skill level 14 in Unarmed Combat
 11519 | Lair:1   | Entered Level 1 of the Lair of Beasts
 11802 | Lair:1   | Reached skill level 8 in Fighting
 12074 | Lair:1   | Noticed Erica
 12088 | Lair:1   | Killed Erica
 12088 | Lair:1   | Reached skill level 8 in Transmutations
 12311 | Lair:2   | Gained mutation: Your muscles are very strong. (Str +4) [evolution]
 12522 | Lair:2   | Noticed a seven-headed hydra
 12530 | Lair:2   | You fall through a shaft!
 12530 | Lair:3   | Noticed Gastronok
 12548 | Lair:3   | Killed Gastronok
 12548 | Lair:3   | Reached skill level 9 in Transmutations
 12685 | Lair:3   | Found a dark tunnel.
 12697 | Volcano  | Entered a volcano
 12830 | Volcano  | Reached skill level 15 in Unarmed Combat
 12867 | Volcano  | Found a radiant altar of Vehumet.
 12867 | Volcano  | Noticed a sun demon
 12873 | Volcano  | HP: 18/85 [sun demon (21)]
 12873 | Volcano  | HP: 5/85 [red devil/trident of flaming (8)]
 12876 | Volcano  | Killed a sun demon
 12876 | Volcano  | Reached skill level 9 in Fighting
 12876 | Volcano  | Reached XP level 12. HP: 15/93 MP: 10/16
 13164 | Volcano  | HP: 18/93 [molten gargoyle/bolt of magma (25)]
 13165 | Volcano  | Reached skill level 10 in Transmutations
 13491 | Volcano  | Reached skill level 2 in Dodging
 13559 | Lair:3   | Reached skill level 3 in Dodging
 13745 | Lair:3   | Reached skill level 10 in Fighting
 14388 | Lair:4   | Reached skill level 4 in Dodging
 15131 | Lair:2   | Noticed a seven-headed hydra
 15141 | Lair:2   | Reached skill level 5 in Dodging
 15150 | Lair:2   | Killed a seven-headed hydra
 15150 | Lair:2   | Reached skill level 11 in Fighting
 15203 | Lair:2   | Gained mutation: You possess an exceptional clarity of mind. [evolution]
 15203 | Lair:2   | Lost mutation: You evolve. [end of evolution]
 15303 | Lair:2   | Found a staircase to the Snake Pit.
 15414 | Lair:2   | Noticed Urug
 15427 | Lair:2   | Killed Urug
 15522 | Lair:2   | Found a staircase to the Shoals.
 15644 | Lair:2   | Reached skill level 6 in Dodging
 15921 | Lair:2   | Killed a seven-headed hydra
 16165 | Lair:4   | Reached XP level 13. HP: 103/105 MP: 11/17
 16892 | Lair:5   | Reached skill level 12 in Fighting
 16903 | Lair:5   | Reached skill level 7 in Dodging
 16986 | Lair:5   | HP: 26/106 [elephant (4)]
 17476 | Lair:5   | Reached skill level 8 in Dodging
 17875 | Lair:6   | Entered Level 6 of the Lair of Beasts
 17969 | Lair:5   | HP: 19/107 [wolf (10)]
 17976 | Lair:5   | Reached skill level 13 in Fighting
 18262 | Lair:6   | Noticed a dire elephant
 18268 | Lair:6   | HP: 25/109 [five-headed hydra (13)]
 18273 | Lair:6   | HP: 24/109 [lindwurm (3)]
 18275 | Lair:6   | HP: 6/109 [lindwurm/blast of flame (46)]
 18278 | Lair:6   | Killed from afar by a lindwurm

Skill      XL: |  1  2  3  4  5  6  7  8  9 10 11 12 13 |
---------------+----------------------------------------+-----
Unarmed Combat | 4 5 7 8 9 11 12 13 15 | 15.0
Fighting       | 2 5 7 9 11 13 | 13.0
Transmutations | 3 5 7 9 10 | 10.0
Dodging        | 6 8 |  8.4
Spellcasting   | |  2.0

Action                   |  1- 3 |  4- 6 |  7- 9 | 10-12 | 13-15 || total
-------------------------+-------+-------+-------+-------+-------++-------
Melee: Unarmed           |   136 |   148 |   285 |   408 |   136 ||  1113
       Headbutt          |    11 |     3 |    14 |    21 |       ||    49
       Tailslap          |     8 |     4 |    25 |    41 |    18 ||    96
       Kick              |     6 |     2 |     3 |       |       ||    11
       Punch             |     2 |       |       |       |       ||     2
 Cast: Beastly Appendage |    25 |    14 |    28 |    41 |       ||   108
       Sticks to Snakes  |     2 |     3 |     4 |    11 |       ||    20
       Spider Form       |       |     6 |     3 |     3 |       ||    12
       Blade Hands       |       |       |       |    33 |    20 ||    53
       Blink             |       |       |       |       |     1 ||     1
Invok: Sacrifice a Hand  |       |     1 |       |       |       ||     1
       Sacrifice Artific |       |     1 |       |       |       ||     1
       Power Leap        |       |       |     5 |     4 |     2 ||    11
       Reject Sacrifices |       |       |     1 |     1 |       ||     2
       Apocalypse        |       |       |       |     1 |       ||     1
       Draw Out Power    |       |       |       |       |     1 ||     1
 Abil: Breathe Steam     |       |       |    21 |    41 |     4 ||    66
       End Transformatio |       |       |     1 |       |       ||     1
  Use: Scroll            |       |    10 |     9 |    13 |     2 ||    34
       Potion            |       |     2 |     7 |     7 |     4 ||    20
 Stab: Distracted        |       |     1 |     2 |       |     1 ||     4
       Invisible         |       |     3 |     3 |     4 |     1 ||    11
       Paralysed         |       |       |     6 |       |       ||     6
       Sleeping          |       |       |     1 |       |       ||     1
  Eat: Chunk             |     3 |     7 |    15 |    38 |    15 ||    78
       Ration            |       |     1 |       |     3 |       ||     4
Armor: Skin              |    40 |    44 |    52 |    89 |    48 ||   273
Dodge: Dodged            |    93 |    82 |   101 |   195 |   128 ||   599

Vault maps used:
D:1:      dpeg_arrival_rooms_c
D:2:      nemelex_xobeh_ov_fountains_minmay, nicolae_overflow_hidden_temple,
          chequers_ecumenical_altar_island, kennysheep_generic_room_5
D:3:      minitemple, first_ration
D:4:      nicolae_overflow_crystal_walls, minmay_temple_entry_junction
D:5:      grunt_temple_overflow_open, minmay_misc_feat_iff, uniq_ijyb,
          uniq_grinder
D:6:      fiery_altar_vehumet, serial_shops, nicolae_shop_crystal
D:7:      statuecave_lemuel, serial_shops, shop_fountains
D:8:      uniq_prince_ribbit1, uniq_grum
D:9:      david_orc_4, grunt_livestock
D:10:     lair_entry_dummy, patterned_corridor
Temple:   minmay_temple_curvy_branch
Lair:1:   grunt_megastairs_4, uniq_erica
Lair:2:   shoals_dummy_entry, minmay_snake_entry_spellcaster,
          grunt_megastairs_1, uniq_urug
Lair:3:   nicolae_volcano_entry_hallway, infiniplex_staircase_pool_2,
          lemuel_fruit_fields, uniq_gastronok
Lair:4:   cheibrodos_lair_lostbears, lemuel_fruit_fields, serial_bayou_shore_a,
          lemuel_fruit_tree
Lair:5:   disabler_island
Lair:6:   cheibrodos_lair_end_hotspot, minmay_slime_entry_jelly_boxes
Volcano:  volcano_lake

Table legend:
 A = Turns spent in this place as a percentage of turns spent in the entire game.
 B = Non-inter-level travel turns spent in this place as a percentage of non-inter-level travel turns spent in the entire game.
 C = Inter-level travel turns spent in this place as a percentage of turns spent in this place.
 D = Turns resting spent in this place as a percentage of non-inter-level travel turns spent in this place.
 E = Turns spent auto-exploring this place as a percentage of non-inter-level travel turns spent in this place.
 F = Non-inter-level travel turns spent in this place divided by the number of levels of this place that you've seen.
                   A       B       C       D       E      F
               +-------+-------+-------+-------+-------+----------------------
         Total | 100.0 | 100.0 |   3.4 |  32.3 |  45.8 | 981.3
       Dungeon |  61.9 |  61.6 |   3.8 |  29.5 |  48.0 | 1088.3
        Temple |   1.1 |   1.1 |   0.0 |  99.0 |   0.0 | 202.0
          Lair |  32.5 |  32.6 |   3.0 |  30.5 |  49.7 | 960.2
       Volcano |   4.5 |   4.6 |   0.0 |  64.9 |   0.0 | 817.0
               +-------+-------+-------+-------+-------+----------------------

Table legend:
 A = Kills in this place as a percentage of kills in entire the game.
 B = Kills by you in this place as a percentage of kills by you in the entire game.
 C = Kills by friends in this place as a percentage of kills by friends in the entire game.
 D = Other kills in this place as a percentage of other kills in the entire game.
 E = Experience gained in this place as a percentage of experience gained in the entire game.
 F = Experience gained in this place divided by the number of levels of this place that you have seen.
                   A       B       C       D       E      F
               +-------+-------+-------+-------+-------+----------------------
         Total | 100.0 | 100.0 | 100.0 | 100.0 | 100.0 | 2846.4
       Dungeon |  64.3 |  64.1 | 100.0 |  50.0 |  25.8 | 1323.9
          Lair |  32.0 |  32.4 |   0.0 |   0.0 |  67.1 | 5729.0
       Volcano |   3.7 |   3.5 |   0.0 |  50.0 |   7.1 | 3622.0
               +-------+-------+-------+-------+-------+----------------------
